 Dungeon Crawl Stone Soup version 0.20-a0-853-gabbfcfc (webtiles) character file.

798678 M4edhros the Force of Nature (level 27, -39/194 (197) HPs)
             Began as an Octopode Artificer on Mar 10, 2017.
             Was the Champion of Fedhas.
             Killed from afar by an iron giant (68 damage)
             ... with an iron shot
             ... created by the effects of Hell
             ... on level 7 of the Iron City of Dis on Mar 11, 2017.
             The game lasted 04:39:23 (71602 turns).

M4edhros the Force of Nature (Octopode Artificer)  Turns: 71602, Time: 04:39:36

HP:   -39/194 (197) AC:  9    Str: 26    XL:     27
MP:   50/54         EV: 40    Int: 29    God:    Fedhas [******]
Gold: 5287          SH: 21    Dex: 28    Spells: 5/60 levels left

rFire    + + .     SeeInvis .   B - +7 eveningstar (holy)
rCold    + . .     Gourm    .   C - +5 shield {reflect}
rNeg     + + +     Faith    .   u - +3 hat of Pondering {ponderous, MR+ MP+10 Int+5}
rPois    +         Spirit   .   W - amulet of Xigo {*Drain rF+ rN+++ Regen+ Str+2}
rElec    .         Reflect  +   Z - ring of Prescription {*Drain AC+3 Int+4 Dex+6 Stlth+}
rCorr    +         Harm     .   l - ring of the Komtur {rN+ MR++ Str+4 Int-5}
MR       +++++                  O - ring "Cigy" {rPois Str+4 Int+3 Stlth+}
Stlth    +++++++++.             k - +5 ring of evasion
Regen    1.7/turn               t - ring "Kygg" {rF+ Int+4}
MPRegen  0.4/turn               X - +3 ring of evasion
                                d - ring of Conversion {rCorr rN++ Dex+4}
                                e - ring of protection from cold

@: studying Polearms, slow
A: almost no armour, stealthy swim, amphibious, 8 rings, constrict 8, tentacle
spike 1, molten scales 1, camouflage 1, blurry vision 1, clever 1, clumsy 1,
sense surroundings 2, poison resistance, regeneration 2, strong 1, gelatinous
body 1, subdued magic 1
}: 6/15 runes: decaying, serpentine, slimy, silver, obsidian, bone
a: Fungal Bloom, Evolution, Sunlight, Growth, Reproduction, Rain, Renounce
Religion


You were on level 7 of the Iron City of Dis.
You worshipped Fedhas.
Fedhas was exalted by your worship.
You were not hungry.

You visited 16 branches of the dungeon, and saw 80 of its levels.
You also visited: Bailey and Ice Cave.

You collected 10401 gold pieces.
You spent 5114 gold pieces at shops.

Inventory:

Hand Weapons
 v - the +12 scythe of Heviykur {holy, rF+ Str+7 Int-3}
   (You bought it in a shop on level 2 of the Orcish Mines)

   It has been blessed by the Shining One to cause great damage to the undead
   and demons.
   It affects your strength (+7).
   It affects your intelligence (-3).
   It protects you from fire.
 B - a +7 eveningstar of holy wrath (weapon)
 I - the +5 morningstar of the Abyss {speed, rPois Stlth+}
   (You took it off Khufu on level 3 of the Crypt)

   Attacks with this weapon are significantly faster.
   It protects you from poison.
   It makes you more stealthy.
 L - the +7 fustibalus of Defiance {venom, rElec rC++ Str+7 Dex-3}
   (You found it on level 2 of the Depths)

   It poisons the ammo it fires.
   It affects your strength (+7).
   It affects your dexterity (-3).
   It greatly protects you from cold.
   It insulates you from electricity.
Missiles
 q - 416 sling bullets
Armour
 u - the +3 hat of Pondering (worn) {ponderous, MR+ MP+10 Int+5}
   (You found it on level 3 of the Depths)

   It affects your intelligence (+5).
   It affects your resistance to hostile enchantments.
   It affects your magic capacity (+10).
 C - a +5 shield of reflection (worn)
Jewellery
 c - an uncursed ring of wizardry
 d - the ring of Conversion (on tentacle) {rCorr rN++ Dex+4}
   (You found it on level 3 of the Depths)

   [ring of resist corrosion]

   It affects your dexterity (+4).
   It greatly protects you from negative energy.
 e - a ring of protection from cold (on tentacle)
 k - a +5 ring of evasion (on tentacle)
 l - the ring of the Komtur (right tentacle) {rN+ MR++ Str+4 Int-5}
   (You took it off a guardian mummy on level 3 of the Crypt)

   [ring of positive energy]

   It affects your strength (+4).
   It affects your intelligence (-5).
   It protects you from negative energy.
   It affects your resistance to hostile enchantments.
 r - an uncursed amulet of magic regeneration
 t - the ring "Kygg" (on tentacle) {rF+ Int+4}
   (You bought it in a shop on level 2 of the Snake Pit)

   [ring of protection from fire]

   It affects your intelligence (+4).
   It protects you from fire.
 y - a +4 amulet of reflection
 K - the brooch of Shielding {Reflect SH+8}
   (You found it on level 7 of Gehenna)

   [amulet of reflection]

   It shields you and reflects attacks.
   It affects your SH (+8).
 O - the ring "Cigy" (on tentacle) {rPois Str+4 Int+3 Stlth+}
   (You took it off a tengu reaver on level 5 of the Vaults)

   [ring of stealth]

   It affects your strength (+4).
   It affects your intelligence (+3).
   It protects you from poison.
   It makes you more stealthy.
 W - the amulet of Xigo (around mantle) {*Drain rF+ rN+++ Regen+ Str+2}
   (You found it on level 7 of Tartarus)

   [amulet of regeneration]

   It affects your strength (+2).
   It protects you from fire.
   It renders you almost immune to negative energy.
   It increases your rate of regeneration.
   It causes draining when unequipped.
 X - a +3 ring of evasion (on tentacle)
 Z - the ring of Prescription (left tentacle) {*Drain AC+3 Int+4 Dex+6 Stlth+}
   (You bought it in a shop on level 2 of the Snake Pit)

   [ring of protection]

   It affects your AC (+3).
   It affects your intelligence (+4).
   It affects your dexterity (+6).
   It causes draining when unequipped.
   It makes you more stealthy.
Wands
 g - a wand of clouds (6/9)
 i - a wand of digging (11/24)
 D - a wand of acid (6/15)
 V - a wand of lightning (9/15)
Scrolls
 o - 5 scrolls of magic mapping
 p - 12 scrolls of teleportation
 s - 3 scrolls of recharging
 A - 9 scrolls of fog
 G - 12 scrolls of immolation
 J - 6 scrolls of identify
 M - 9 scrolls of fear
 R - 7 scrolls of blinking
 U - a scroll of summoning
Potions
 b - 6 potions of agility
 m - 5 potions of might
 w - 7 potions of brilliance
 z - 4 potions of cancellation
 F - a potion of haste
 H - 4 potions of resistance
 N - a potion of heal wounds
 P - 22 potions of curing
 Q - 4 potions of invisibility
Books
 T - a manual of Polearms
Miscellaneous
 a - a lamp of fire
 f - 3 phantom mirrors
 h - 2 boxes of beasts
 j - a lightning rod (4/4)
 x - 6 sacks of spiders
 Y - a fan of gales
Comestibles
 n - 33 meat rations
 E - 46 fruits
 S - 5 chunks of flesh


   Skills:
 + Level 18.3 Fighting
   Level 1.0 Short Blades
 - Level 16.2 Maces & Flails
 - Level 10.9 Polearms
 - Level 12.1 Slings
 + Level 16.7 Dodging
 * Level 16.6 Stealth
 - Level 15.1 Shields
 * Level 17.1 Spellcasting
 - Level 6.7 Charms
 * Level 17.0 Summonings
 * Level 11.3 Necromancy
 - Level 12.5 Translocations
 - Level 13.1 Transmutations
 - Level 6.8 Air Magic
 - Level 11.7 Earth Magic
 - Level 19.0 Invocations
 * Level 17.1 Evocations


You had 5 spell levels left.
You knew the following spells:

 Your Spells              Type           Power        Failure   Level  Hunger
a - Statue Form           Tmut/Erth      ######...    1%          6    ##.....
b - Deflect Missiles      Chrm/Air       #####.....   14%         6    ##.....
c - Mephitic Cloud        Conj/Pois/Air  ####....     1%          3    None
d - Regeneration          Chrm/Necr      ######....   1%          3    None
e - Summon Lightning Spi  Summ/Air       ######..     1%          4    None
f - Blink                 Tloc           N/A          0%          2    None
g - Ignite Poison         Fire/Tmut/Pois #####...     1%          3    None
h - Shroud of Golubria    Chrm/Tloc      ######....   1%          2    None
i - Control Undead        Necr           ######....   1%          4    None
j - Summon Forest         Summ/Tloc      ######....   1%          5    None
k - Leda's Liquefaction   Hex/Erth       #####.....   1%          4    None
l - Malign Gateway        Summ/Tloc      ######....   2%          7    #####..
m - Summon Mana Viper     Hex/Summ       ######..     1%          5    None
n - Apportation           Tloc           ######       0%          1    None


Dungeon Overview and Level Annotations

Branches:
Dungeon (15/15)            Temple (1/1) D:6            Lair (6/6) D:8
  Swamp (4/4) Lair:3        Snake (4/4) Lair:2        Slime (5/5) Lair:5
    Orc (2/2) D:12            Elf (3/3) Orc:2        Vaults (5/5) D:13
  Crypt (3/3) Vaults:2       Tomb (0/3) Crypt:3      Depths (5/5) D:15
   Hell (1/1)                 Dis (7/7) Hell            Geh (7/7) Hell
    Tar (7/7) Hell            Zot (5/5) Depths:5
    Coc: Hell:1

Altars:
Ashenzari
Cheibriados
Dithmenos
Elyvilon
Fedhas
Gozag
Hepliaklqana
Kikubaaqudgha
Makhleb
Nemelex Xobeh
Okawaru
Qazlal
Ru
Sif Muna
Trog
Uskayaw
Vehumet
Wu Jian
Xom
Yredelemnul
Zin
The Shining One
Jiyva

Shops:
D:9 =!*   D:10 ((   Orc:2 ((*%!   Elf:1 [*(   Snake:2 }==   Vaults:2 }
Vaults:5 [   Depths:1 *:%*

Portals:
Hell: Depths:1 Depths:2 Depths:3 Depths:4 Depths:5
Abyss: Depths:1 Depths:2 Depths:4
Pandemonium: Depths:3
Ziggurat: Depths:1

Annotations:
D:3 yrara's ghost, amateur DsFi
D:9 1 runed door
Lair:5 exclusion: door
Elf:2 3 runed doors
Elf:3 Mara
Depths:2 6 runed doors
Hell exclusion: ice statue


Innate Abilities, Weirdness & Mutations

You cannot wear most types of armour.
You are very stealthy in the water. (Stealth+)
You are amphibious.
You can wear up to eight rings at the same time.
You can use your tentacles to constrict eight enemies at once.
Your skin changes colour to match your surroundings (Stealth+).
Your rubbery body absorbs attacks. (AC +1, EV +1)
One of your tentacles bears a spike.
You are partially covered in molten scales. (AC +2)
Scrolls take you a little longer to read.
Your mind is acute. (Int +2)
You are clumsy. (Dex -2)
You passively map the area around you.
Your system is resistant to poisons. (rPois)
You heal very quickly.
Your muscles are strong. (Str +2)
Your spells are a little easier to cast, but a little less powerful.


Message History

The iron giant convulses! x2; Your body is wracked with pain!
* * * LOW HITPOINT WARNING * * *
The ancient champion casts a spell at you.
The bolt of negative energy hits the ancient champion.
The ancient champion completely resists.
The bolt of negative energy misses you.
The iron giant throws the tormentor at you!
The tormentor misses you. You block the tormentor's attack.
There is an open door here.
Unknown command.
Unknown command.
Unknown command.
Unknown command.
The tormentor calls on the powers of darkness!
The iron giant convulses!
Your body is wracked with pain!
* * * LOW HITPOINT WARNING * * *
The iron giant gestures at you while chanting.
The iron shot hits you!
You die...
Fedhas appreciates your contribution to the ecosystem.

*, #...#########
,
#####..#.......#
*#...#..#.......#
#...'..#.......#
, ,
#...#..#.......#
,
*♣####..##z######
♣.......).z#2..#
*######.).C.'...#
#....#.)..C#@..#
#....#....z#...#
#....'...#######
* #....#.z.#,
...# #....#...#
....# *
######...#.....#
#........'.....#
,
+........#.....#
+........#######


You could see an iron giant, 2 ancient champions and a tormentor.

Vanquished Creatures
  Asmodeus (Geh:7)
  Ereshkigal (Tar:7)
  the Serpent of Hell (Tar:7)
  Khufu (Crypt:3)
  An orb of fire (Zot:2)
  Mennas (Depths:3)
  3 ancient liches
  2 juggernauts (Depths:4)
  Boris (Vaults:5)
  Sojobo (Depths:2)
  Bai Suzhen (Depths:3)
  Saint Roka (Vaults:5)
  Margery (Vaults:2)
  2 curse toes
  Vashnia (Snake:3)
  A caustic shrike (Depths:4)
  A Killer Klown (Zot:2)
  Nikola (Snake:1)
  10 golden dragons
  Geryon (Hell)
  the Enchantress (Depths:1)
  6 bone dragons
  A profane servitor (Crypt:3)
  11 Tzitzimimeh
  3 doom hounds
  7 liches
  3 electric golems
  2 iron giants (Dis:7)
  10 Brimstone Fiends
  A Hell Sentinel (Dis:7)
  9 tentacled monstrosities
  A deep elf blademaster (Elf:3)
  7 Orb Guardians (Zot:5)
  An Ice Fiend (Dis:1)
  9 acid blobs
  5 titans
  9 quicksilver dragons
  A deep elf master archer (Elf:3)
  8 death cobs
  4 eldritch tentacles
  7 sphinxes
  6 ancient champions
  Gastronok (Lair:2)
  11 storm dragons
  15 tengu reavers
  7 azure jellies
  2 nagarajas
  Roxanne (Swamp:1)
  3 draconian monks
  16 shadow dragons
  8 frost giants
  3 revenants
  9 fire giants
  7 draconian knights
  4 iron dragons (Depths:4)
  10 balrugs
  11 vault wardens
  6 draconian scorchers
  6 deep elf sorcerers
  Aizul (Snake:3)
  A ghoul (Vaults:3)
  A ghost moth (Zot:2)
  4 draconian shifters
  9 deep elf elementalists
  5 curse skulls
  2 draconian stormcallers
  6 spriggan defenders
  10 draconian annihilators
  33 reapers
  12 very ugly things
  18 stone giants
  6 vampire knights
  An entropy weaver (shapeshifter) (Vaults:5)
  4 war gargoyles
  10 ironheart preservers
  9 green draconians
  13 deep elf demonologists
  3 entropy weavers
  2 lorocyprocas (Hell)
  13 black draconians
  9 deep elf annihilators
  7 purple draconians
  8 red draconians
  15 yellow draconians
  5 spark wasps
  7 white draconians
  2 death oozes (Slime:5)
  4 eidola
  4 deep elf death magi
  11 ettins
  Snorg (Lair:5)
  2 blizzard demons (Hell)
  2 mummy priests (Crypt:3)
  A crystal guardian (Vaults:3)
  6 deep elf high priests
  A quicksilver dragon zombie (Tar:4)
  14 fire dragons
  10 great orbs of eyes
  23 jiangshi
  35 vault guards
  A quicksilver dragon skeleton (Crypt:2)
  23 yaktaur captains
  A hydra (shapeshifter) (Elf:1)
  29 hydras
  3 catoblepae (Lair:6)
  10 naga warriors
  4 rakshasas
  3 spriggan air magi
  A ghost crab (Tar:4)
  10 ice dragons
  26 two-headed ogres
  2 merfolk aquamancers (Depths:3)
  7 anacondas
  10 centaur warriors
  6 deep troll earth magi
  8 death knights
  13 dancing weapons
  4 vampire magi
  11 ogre magi
  6 tengu warriors
  An alligator (shapeshifter) (Zot:2)
  6 deep troll shamans
  10 alligators
  7 death yaks
  29 hell hogs
  3 orc high priests (Orc:2)
  4 titan zombies
  21 soul eaters
  Urug (D:11)
  4 spriggan berserkers
  An iron golem (Dis:1)
  18 deep elf knights
  2 storm dragon zombies
  12 sun demons
  A shock serpent (shapeshifter) (Vaults:5)
  Nergalle (Lair:1)
  5 shock serpents
  17 naga sharpshooters
  A titan skeleton (Crypt:2)
  3 salamander mystics (Snake:4)
  A deep troll (shapeshifter) (Elf:1)
  22 hell knights
  5 small abominations
  4 glowing orange brains
  2 ghost moth zombies
  102 skeletal warriors
  3 sea snakes (Snake:1)
  4 shadow wraiths
  2 storm dragon skeletons
  6 iron trolls
  11 unseen horrors
  A glowing orange brain (shapeshifter) (Depths:2)
  An anaconda zombie (Dis:4)
  3 naga ritualists
  A spark wasp zombie (Crypt:1)
  A spriggan druid (Swamp:2)
  10 shadow demons
  27 deep trolls
  4 shadow dragon zombies
  9 flayed ghosts
  13 swamp dragons
  7 large abominations
  17 orc knights
  4 wizards
  9 deep elf archers
  10 phantasmal warriors
  10 necromancers
  8 orc sorcerers
  3 anaconda skeletons
  18 ironbrand convokers
  3 wolf spiders
  A frost giant zombie (Geh:7)
  5 iron dragon zombies
  38 ugly things
  A glowing shapeshifter (Vaults:5)
  A shadow dragon skeleton (Tar:4)
  6 cyclopes
  A fire giant zombie (Geh:2)
  47 deep elf magi
  2 stone giant zombies
  12 salamanders
  8 mana vipers
  19 moths of wrath
  2 fire giant skeletons
  3 manticores
  4 frost giant skeletons
  3 dire elephant zombies
  3 iron dragon skeletons
  3 stone giant skeletons
  Maurice (D:11)
  An eye of devastation (Slime:2)
  17 naga magi
  13 molten gargoyles
  14 vault sentinels
  2 ice statues
  A shock serpent zombie (Geh:5)
  A water nymph (shapeshifter) (Zot:2)
  2 gargoyles (D:12)
  3 guardian serpents
  14 rust devils
  23 black mambas
  11 spiny frogs
  A catoblepas zombie (Dis:3)
  3 spectral swamp worms (Tar:7)
  2 dire elephant skeletons (Geh:7)
  3 smoke demons
  A shock serpent skeleton (Geh:5)
  4 rime drakes
  6 komodo dragons
  20 freezing wraiths
  13 hellions
  7 guardian mummies (Crypt:3)
  2 kobold demonologists
  52 yaktaurs
  An emperor scorpion zombie (Dis:4)
  16 tormentors
  A silent spectre (Depths:3)
  A golden dragon simulacrum (Crypt:2)
  A catoblepas skeleton (Geh:7)
  12 ice devils
  A queen bee (D:9)
  6 trolls
  9 red devils
  11 tyrant leeches
  6 tengu conjurers
  3 hydra zombies
  13 polar bears
  A troll (shapeshifter) (Vaults:3)
  2 wind drakes (shapeshifter) (Vaults:4)
  2 green draconian skeletons
  2 harpy zombies
  A meliai (shapeshifter) (Depths:2)
  2 polar bears (shapeshifter)
  A queen bee (shapeshifter) (Depths:3)
  A jumping spider (shapeshifter) (Depths:2)
  Grinder (D:4)
  An iron troll skeleton (Crypt:1)
  An iron dragon simulacrum (Crypt:3)
  9 blink frogs
  8 hornets
  A hydra skeleton (Hell)
  71 slime creatures
  An alligator zombie (Hell)
  A fire dragon zombie (Tar:1)
  6 hippogriffs
  An ice dragon zombie (Dis:2)
  5 ettin zombies
  71 flying skulls
  7 air elementals
  3 ice dragon skeletons
  18 wraiths
  15 shadows
  A tarantella (shapeshifter) (D:15)
  An ettin skeleton (Tar:3)
  A fire dragon skeleton (Crypt:2)
  11 spriggans
  An alligator skeleton (Hell)
  7 water elementals
  3 vampires
  A spriggan (shapeshifter) (Vaults:5)
  A tarantella (Vaults:4)
  A black mamba skeleton (Geh:7)
  A hog (shapeshifter) (Vaults:5)
  7 redbacks
  61 yaks
  3 wyverns
  A golden eye (shapeshifter) (Vaults:4)
  14 fire elementals
  A hungry ghost (D:12)
  Grum (D:11)
  5 basilisks
  A golden eye (Slime:5)
  4 chaos spawn (Depths:1)
  16 vampire mosquitoes
  A steam dragon (D:12)
  A human simulacrum (Vaults:1)
  8 wandering mushrooms
  14 swamp worms
  Menkaure (D:7)
  45 nagas
  A water nymph zombie (Crypt:2)
  4 wargs
  A merfolk zombie (Dis:3)
  20 insubstantial wisps
  35 hell hounds
  3 acid dragons
  A hydra simulacrum (Hell)
  2 floating eyes
  13 water moccasins
  A torturous demonspawn skeleton (Crypt:2)
  A swamp drake (shapeshifter) (Depths:4)
  6 swamp drakes
  2 floating eyes (shapeshifter)
  A two-headed ogre skeleton (Crypt:2)
  42 orc warriors
  4 sky beasts
  A water nymph skeleton (Crypt:2)
  7 boggarts
  8 ice beasts
  17 killer bees
  2 black bears (D:9)
  A swamp dragon zombie (Dis:2)
  3 phantoms
  3 snapping turtle zombies
  42 ogres
  An eye of draining (D:10)
  A wolf (shapeshifter) (Vaults:5)
  A manticore skeleton (Geh:5)
  43 wolves
  17 centaurs
  A snapping turtle skeleton (Geh:2)
  2 necrophages
  10 crocodiles
  2 swamp dragon skeletons (Crypt:1)
  2 big kobolds
  4 earth elementals
  A hippogriff skeleton (Crypt:1)
  16 bullfrogs
  5 human skeletons
  A glowing shapeshifter simulacrum (Vaults:1)
  6 scorpions
  A spriggan zombie (Geh:7)
  A swamp dragon simulacrum (Crypt:2)
  An elf simulacrum (Vaults:3)
  20 wights
  3 howler monkeys
  6 electric eels
  9 crimson imps
  3 quasits
  A centaur zombie (Dis:2)
  3 bullfrog zombies
  A wolf skeleton (Crypt:1)
  5 hounds
  6 centaur skeletons
  5 jellies
  A human zombie (Dis:3)
  27 orc priests
  2 bullfrog skeletons
  A gnoll shaman (D:6)
  13 iron imps
  7 gnolls
  7 hell rats (Hell)
  4 iguanas
  An iguana (shapeshifter) (Vaults:4)
  A porcupine zombie (Crypt:1)
  26 orc wizards
  A black bear skeleton (Crypt:1)
  12 worker ants
  A killer bee zombie (D:5)
  A felid skeleton (Crypt:1)
  A hound zombie (D:9)
  3 hound skeletons
  5 mummies
  14 adders
  7 shadow imps
  13 white imps
  2 oozes (Lair:5)
  2 adder skeletons
  A worm (D:3)
  4 leopard geckos
  90 orcs
  A bat skeleton (Crypt:1)
  4 giant cockroaches
  14 hobgoblins
  22 jackals
  5 quokkas
  A ball python (D:2)
  8 bats
  8 frilled lizards
  12 goblins
  32 kobolds
  A leopard gecko skeleton (D:5)
  A leopard gecko zombie (D:5)
  5 rats
  2 ballistomycetes
  3 ballistomycete spores
  A crawling corpse (Vaults:5)
  3 toadstools (Orc:2)
2912 creatures vanquished.

Vanquished Creatures (collateral kills)
  the Royal Jelly (Slime:5)
  The ghost of morbho the Axe Maniac, a legendary MiFi of Ru (Zot:5)
  A Killer Klown (Zot:3)
  A golden dragon (Zot:5)
  A Tzitzimitl (Tar:7)
  A Brimstone Fiend (Geh:7)
  A lich (Tar:7)
  3 tentacled monstrosities (Zot:3)
  A deep elf blademaster (Elf:3)
  3 acid blobs
  An ancient champion (Dis:7)
  A storm dragon (Zot:4)
  2 draconian monks
  4 azure jellies (Slime:5)
  5 nagarajas (Snake:4)
  The ghost of nataq the Spry, an adept OpFi (D:14)
  2 draconian knights
  2 deep elf sorcerers (Elf:3)
  2 draconian shifters
  A draconian stormcaller (Zot:3)
  4 reapers
  A draconian annihilator (Zot:3)
  3 green draconians
  3 white draconians
  2 yellow draconians
  2 black draconians
  5 purple draconians
  2 red draconians
  A deep elf annihilator (Elf:3)
  A death ooze (Slime:5)
  A green death (Hell)
  2 deep elf death magi (Elf:3)
  The ghost of cortexin the Black Belt, a journeyman HuMo of Wu Jian (Lair:1)
  2 deep elf high priests (Elf:3)
  2 vault guards
  5 hydras
  3 naga warriors (Snake:4)
  2 two-headed ogres (D:9)
  A dancing weapon (Elf:1)
  4 death yaks (Lair:6)
  An orc high priest (Orc:1)
  2 hell hogs (Geh:7)
  8 hell knights (Geh:7)
  A storm dragon zombie (Geh:7)
  A sun demon (Geh:7)
  3 naga sharpshooters (Snake:4)
  4 skeletal warriors
  The ghost of aves the Cleaver, a novice DsFi of Trog (D:8)
  A glowing orange brain (Slime:5)
  2 necromancers (Geh:7)
  2 shadow demons (Tar:7)
  An orc knight (Orc:2)
  A phantasmal warrior (Tar:7)
  An ugly thing (D:15)
  A deep elf mage (Elf:3)
  An orc sorcerer (Orc:2)
  2 moths of wrath (Zot:3)
  A mana viper (Snake:4)
  5 slime creatures
  2 shining eyes
  6 naga magi (Snake:4)
  2 salamanders (Snake:4)
  2 black mambas (Snake:4)
  A molten gargoyle (Geh:7)
  An eye of devastation (Slime:5)
  4 spiny frogs
  A gargoyle (D:12)
  A rime drake (IceCv)
  A hellion (Dis:7)
  5 komodo dragons
  2 ice devils
  A red devil (Hell)
  2 trolls
  A tormentor (Dis:7)
  A minotaur zombie (Geh:7)
  3 polar bears
  A hornet (D:12)
  A hydra skeleton (Geh:7)
  An ettin zombie (Geh:7)
  2 fire dragon zombies (Geh:7)
  A hippogriff (D:8)
  3 blink frogs
  17 yaks
  6 flying skulls
  A fire dragon skeleton (Geh:7)
  An ice dragon skeleton (Geh:7)
  2 fire elementals
  2 golden eyes (Slime:5)
  2 hungry ghosts
  A spatial vortex (Zot:3)
  20 nagas
  2 water moccasins
  3 hell hounds
  2 porcupines
  4 orc warriors
  An ice beast (Lair:6)
  A necrophage (Tar:7)
  2 sky beasts
  An eye of draining (Slime:5)
  A black bear (D:11)
  A snapping turtle zombie (Dis:2)
  8 wolves
  A crocodile (Lair:1)
  A bullfrog (Lair:5)
  10 killer bees
  An electric eel (Lair:3)
  A crimson imp (Hell)
  2 jellies
  A hound (D:12)
  An orc wizard (Orc:2)
  A gnoll shaman (D:5)
  A worker ant (D:4)
  An ogre skeleton (Tar:7)
  2 gnolls
  A howler monkey skeleton (D:6)
  A white imp (Orc:2)
  A leopard gecko (D:4)
  11 orcs
  A jackal (D:9)
  A frilled lizard (D:4)
  2 kobolds
  10 ballistomycete spores
  A hyperactive ballistomycete (Elf:3)
296 creatures vanquished.

Vanquished Creatures (others)
  A Tzitzimitl (Tar:7)
  17 eldritch tentacles
  3 thorn hunters (Swamp:4)
  A shadow dragon (Zot:2)
  Donald (Slime:1)
  A ghost moth (Zot:4)
  A very ugly thing (Swamp:1)
  5 ghouls
  7 oklob plants
  A vault guard (Vaults:5)
  4 hydras
  An alligator (Swamp:1)
  3 hell hogs
  An entropy weaver zombie (Vaults:2)
  A naga ritualist (Snake:2)
  A shambling mangrove (Swamp:4)
  3 swamp dragons (Swamp:4)
  A necromancer (Geh:7)
  A deep elf archer (Elf:3)
  2 deep elf magi
  A salamander (Snake:2)
  2 naga magi
  A spiny frog (Swamp:4)
  A swamp worm zombie (Crypt:1)
  A queen ant zombie (Crypt:2)
  2 tyrant leeches
  5 hornets
  A slime creature (Slime:5)
  8 bog bodies
  A spriggan (Swamp:1)
  A flying skull (Crypt:3)
  A wraith (Geh:7)
  A human (Depths:3)
  A vampire mosquito (Swamp:4)
  3 nagas
  7 necrophages
  5 swamp drakes (Swamp:4)
  An orc warrior (D:6)
  A torpor snail zombie (Crypt:2)
  35 wandering mushrooms
  A bullfrog (D:6)
  A wight (Dis:1)
  2 orc wizards
  A worker ant zombie (D:11)
  A jackal (D:2)
  47 ballistomycetes
  19 ballistomycete spores
  A briar patch (Swamp:4)
  A bush (Lair:5)
  26 fungi
  18 plants
  11 snaplasher vines
  5 tentacles (Tar:7)
  2076 toadstools
2345 creatures vanquished.

Grand Total: 5553 creatures vanquished

Notes
Turn   | Place    | Note
-------+----------+-------------------------------------------
     0 | D:1      | M4edhros the Octopode Artificer began the quest for the Orb.
     0 | D:1      | Reached XP level 1. HP: 13/13 MP: 3/3
   334 | D:2      | Reached XP level 2. HP: 17/18 MP: 4/4
   492 | D:2      | Reached XP level 3. HP: 17/23 MP: 5/5
   502 | D:2      | Found a shattered altar of Ashenzari.
   593 | D:3      | Noticed yrara's ghost (amateur DsFi)
   603 | D:4      | Noticed Grinder
   631 | D:4      | Paralysed by Grinder for 2 turns
   644 | D:4      | Reached skill level 5 in Stealth
   644 | D:4      | Reached XP level 4. HP: 25/28 MP: 2/6
   663 | D:4      | Killed Grinder
   663 | D:4      | Reached XP level 5. HP: 16/33 MP: 2/7
   761 | D:4      | Found a shimmering altar of Xom.
   795 | D:4      | Found a bloodstained altar of Trog.
   885 | D:4      | Reached XP level 6. HP: 33/38 MP: 8/8
  1013 | D:5      | Entered Level 5 of the Dungeon
  1614 | D:5      | Reached skill level 10 in Stealth
  1614 | D:5      | Reached XP level 7. HP: 28/43 MP: 5/9
  1978 | D:6      | Found a hazy altar of Hepliaklqana.
  2608 | D:6      | Reached XP level 8. HP: 48/48 MP: 10/10
  2630 | D:6      | Found a staircase to the Ecumenical Temple.
  2637 | Temple   | Entered the Ecumenical Temple
  2689 | Temple   | Became a worshipper of Fedhas Madash
  2860 | D:3      | Found a burning altar of Makhleb.
  2864 | D:2      | Reached * piety under Fedhas
  2899 | D:2      | Found a shadowy altar of Dithmenos.
  3678 | D:2      | Reached ** piety under Fedhas
  3829 | D:2      | Found an iron altar of Okawaru.
  4550 | D:4      | Reached skill level 1 in Invocations
  4960 | D:7      | Found a basalt altar of Yredelemnul.
  5140 | D:7      | Found an opulent altar of Gozag.
  5156 | D:7      | Found an ancient bone altar of Kikubaaqudgha.
  5231 | D:7      | Reached skill level 2 in Invocations
  5313 | D:7      | Found a radiant altar of Vehumet.
  5488 | D:7      | Reached *** piety under Fedhas
  5503 | D:7      | Noticed Menkaure
  5508 | D:7      | Killed Menkaure
  5508 | D:7      | Reached skill level 3 in Invocations
  5516 | D:7      | Found a white marble altar of Elyvilon.
  5859 | D:8      | Found a deep blue altar of Sif Muna.
  5868 | D:7      | Reached XP level 9. HP: 38/55 MP: 1/12
  6401 | D:7      | Reached skill level 4 in Invocations
  6697 | D:8      | Noticed a hornet
  6707 | D:8      | Killed a hornet
  6708 | D:8      | Noticed aves's ghost (novice DsFi)
  6772 | D:8      | Killed aves's ghost
  6772 | D:8      | Reached skill level 5 in Invocations
  6772 | D:8      | Reached skill level 5 in Evocations
  7061 | D:8      | Learned a level 6 spell: Statue Form
  7108 | D:8      | Reached skill level 1 in Transmutations
  7108 | D:8      | Reached skill level 1 in Earth Magic
  7116 | D:8      | Reached XP level 10. HP: 50/63 MP: 11/14
  7138 | D:8      | Reached skill level 6 in Invocations
  7240 | D:8      | Reached skill level 1 in Spellcasting
  7337 | D:8      | Found a staircase to the Lair.
  7490 | D:9      | Found Eraidui's Distillery.
  7758 | D:9      | Reached **** piety under Fedhas
  7785 | D:9      | Noticed a two-headed ogre
  7968 | D:9      | Found Ledaronao's Jewellery Shoppe.
  7973 | D:9      | Bought a +3 ring of evasion for 294 gold pieces
  8260 | D:9      | Found Linlok's General Store.
  8297 | D:9      | Found a runed door.
  8297 | D:9      | Noticed a centaur warrior
  8297 | D:9      | Noticed a fire dragon
  8297 | D:9      | Noticed a sphinx
  8299 | D:9      | Noticed a centaur warrior
  8299 | D:9      | Noticed a deep elf mage
  8299 | D:9      | Noticed a fire giant
  8299 | D:9      | Noticed an orc high priest
  8299 | D:9      | Noticed an ice dragon
  8477 | D:10     | Entered Level 10 of the Dungeon
  8548 | D:10     | Found Veok Anka's Antique Weapon Boutique.
  8556 | D:10     | Bought an encrusted long sword for 255 gold pieces
  8556 | D:10     | Identified the cursed +3 long sword of Fragile Peace {elec, rPois MR+ Str+3} (You bought it in a shop on level 10 of the Dungeon)
  8608 | D:10     | Noticed a two-headed ogre
  8622 | D:10     | Killed a two-headed ogre
  8622 | D:10     | Reached skill level 1 in Shields
  8764 | D:10     | Found Oruemmif's Antique Weapon Shoppe.
  8875 | D:10     | Found a flagged portal.
  8888 | Bailey   | Entered a bailey
  8958 | Bailey   | Reached skill level 5 in Fighting
  8958 | Bailey   | Reached skill level 7 in Invocations
  9354 | D:10     | Noticed a two-headed ogre
  9368 | D:10     | Killed a two-headed ogre
  9368 | D:10     | Reached skill level 5 in Dodging
  9384 | D:10     | Reached XP level 11. HP: 67/71 MP: 16/16
  9506 | D:11     | Noticed Urug
  9541 | D:11     | Killed Urug
  9922 | D:11     | Noticed Maurice
  9939 | D:11     | Killed Maurice
  9984 | D:11     | Noticed a cyan ugly thing
 10019 | D:11     | Killed a cyan ugly thing
 10023 | D:11     | Gained mutation: Scrolls take you a little longer to read. [mutagenic meat]
 10024 | D:11     | Gained mutation: You are agile. (Dex +2) [mutagenic meat]
 10057 | D:11     | Reached skill level 5 in Transmutations
 10205 | D:11     | Reached skill level 8 in Invocations
 10295 | D:11     | Noticed a cyclops
 10308 | D:11     | Killed a cyclops
 10319 | D:11     | Noticed Grum
 10323 | D:11     | Killed Grum
 10352 | D:11     | Reached skill level 5 in Earth Magic
 10449 | D:11     | You fall through a shaft!
 10733 | D:12     | Noticed a cyclops
 10738 | D:12     | Noticed an unseen horror
 10740 | D:12     | Killed an unseen horror
 10767 | D:12     | Killed a cyclops
 10774 | D:12     | Got a brightly glowing long sword
 10775 | D:12     | Identified the +1 long sword "Morouna" {antimagic, *Drain Int+6 Stlth+} (You found it on level 12 of the Dungeon)
 11118 | D:12     | Reached ***** piety under Fedhas
 11276 | D:12     | Noticed a seven-headed hydra
 11283 | D:12     | Killed a seven-headed hydra
 11532 | D:12     | Reached XP level 12. HP: 68/78 MP: 18/18
 11597 | D:12     | Found a staircase to the Orcish Mines.
 12004 | D:12     | Reached skill level 9 in Invocations
 12205 | D:13     | Noticed a vault guard
 12205 | D:13     | Noticed a vault guard
 12206 | D:13     | Found a gate to the Vaults.
 12206 | D:13     | Noticed a vault guard
 12206 | D:13     | Noticed a vault guard
 12206 | D:13     | Noticed a vault guard
 12207 | D:13     | Noticed a vault guard
 12207 | D:13     | Noticed a vault guard
 12207 | D:13     | Noticed a vault guard
 12217 | D:13     | Killed a vault guard
 12220 | D:13     | Killed a vault guard
 12221 | D:13     | Killed a vault guard
 12222 | D:13     | Killed a vault guard
 12228 | D:13     | Killed a vault guard
 12237 | D:13     | Killed a vault guard
 12238 | D:13     | Killed a vault guard
 12286 | D:13     | Noticed a centaur warrior
 12299 | D:13     | Killed a centaur warrior
 12586 | D:13     | Killed a vault guard
 12698 | D:13     | Gained mutation: Scrolls take you longer to read. [mutagenic meat]
 12701 | D:13     | Gained mutation: Your body sometimes deteriorates upon taking damage. [mutagenic meat]
 12702 | D:13     | Gained mutation: You are frail. (-10% HP) [mutagenic meat]
 12832 | D:13     | Noticed a two-headed ogre
 12844 | D:13     | Killed a two-headed ogre
 12848 | D:13     | Found a shadowy altar of Dithmenos.
 12858 | D:13     | Gained mutation: You are partially covered in thin metallic scales. (AC +2) [mutagenic meat]
 12891 | D:13     | Noticed a two-headed ogre
 12897 | D:13     | Killed a two-headed ogre
 12897 | D:13     | Reached skill level 10 in Invocations
 12897 | D:13     | Reached XP level 13. HP: 30/76 MP: 17/20
 13230 | D:14     | Reached skill level 5 in Spellcasting
 13266 | D:14     | Identified a scroll of acquirement
 13286 | D:14     | Noticed nataq's ghost (adept OpFi)
 13302 | D:14     | Killed nataq's ghost
 13742 | D:14     | Reached skill level 10 in Transmutations
 13742 | D:14     | Reached XP level 14. HP: 54/82 MP: 21/21
 14654 | D:15     | Entered Level 15 of the Dungeon
 14865 | D:15     | Reached skill level 5 in Shields
 14875 | D:15     | Gained mutation: Your mind is acute. (Int +2) [mutagenic meat]
 14876 | D:15     | Lost mutation: Your body sometimes deteriorates upon taking damage. [mutagenic meat]
 14878 | D:15     | Gained mutation: Your magical capacity is low. (-10% MP) [mutagenic meat]
 14882 | D:15     | Gained mutation: You are partially covered in iridescent scales. (AC +2) [mutagenic meat]
 14883 | D:15     | Lost mutation: You are frail. (-10% HP) [mutagenic meat]
 14887 | D:15     | Gained mutation: Your flesh is heat resistant. (rF+) [mutagenic meat]
 14888 | D:15     | Gained mutation: You passively map a small area around you. [mutagenic meat]
 14889 | D:15     | Gained mutation: You are resistant to hostile enchantments. (MR+) [mutagenic meat]
 14890 | D:15     | Gained mutation: Your flesh is cold resistant. (rC+) [mutagenic meat]
 15321 | Orc:1    | Entered Level 1 of the Orcish Mines
 15733 | Orc:1    | Reached skill level 11 in Invocations
 16272 | Orc:2    | Entered Level 2 of the Orcish Mines
 16272 | Orc:2    | Found Jaidegg's Distillery.
 16369 | Orc:2    | Bought a potion of agility for 56 gold pieces
 16369 | Orc:2    | Bought a potion of curing for 42 gold pieces
 16369 | Orc:2    | Bought a potion of curing for 42 gold pieces
 16458 | Orc:2    | Found a staircase to the Elven Halls.
 16520 | Orc:2    | Found a frozen archway.
 16615 | IceCv    | Entered an ice cave
 16823 | IceCv    | Got a polished long sword
 16824 | IceCv    | Identified the +9 long sword of Nubb {pain, rPois} (You found it in an ice cave)
 17698 | IceCv    | Noticed a white draconian
 17710 | IceCv    | Killed a white draconian
 17710 | IceCv    | Reached XP level 15. HP: 77/99 MP: 20/21
 17937 | IceCv    | Got a warped war axe
 17938 | IceCv    | Identified the +8 war axe of Putrescence {venom, Str+5} (You found it in an ice cave)
 18071 | Orc:2    | Reached ****** piety under Fedhas
 18183 | Orc:2    | Found Isohiss's Food Shoppe.
 18376 | Orc:2    | Found Goschu's General Store.
 18394 | Orc:2    | Found Ockuot's Weapon Shop.
 18396 | Orc:2    | Found Adul Piuwn's Antique Weapon Shoppe.
 18848 | Orc:2    | Bought a fruit for 15 gold pieces
 18848 | Orc:2    | Bought 3 fruits for 45 gold pieces
 18874 | Orc:2    | Bought the +12 scythe of Heviykur {holy, rF+ Str+7 Int-3} for 1141 gold pieces
 19127 | D:9      | Reached skill level 10 in Earth Magic
 19409 | Lair:1   | Entered Level 1 of the Lair of Beasts
 19442 | Lair:1   | Noticed cortexin's ghost (journeyman HuMo)
 19447 | Lair:1   | Lost mutation: You are partially covered in thin metallic scales. (AC +2) [potion of mutation]
 19447 | Lair:1   | Lost mutation: You are resistant to hostile enchantments. (MR+) [potion of mutation]
 19447 | Lair:1   | Lost mutation: Your mind is acute. (Int +2) [potion of mutation]
 19447 | Lair:1   | Gained mutation: You passively map the area around you. [potion of mutation]
 19492 | Lair:1   | Killed cortexin's ghost
 19791 | Lair:1   | Noticed Nergalle
 19806 | Lair:1   | Killed Nergalle
 19806 | Lair:1   | Reached skill level 1 in Polearms
 20229 | Lair:2   | Found a staircase to the Snake Pit.
 20245 | Lair:2   | Noticed Gastronok
 20266 | Lair:2   | Killed Gastronok
 21328 | Lair:3   | Found a staircase to the Swamp.
 22686 | Lair:5   | Noticed Snorg
 22733 | Lair:5   | Killed Snorg
 22760 | Lair:5   | Found a runed door.
 22760 | Lair:5   | Found a viscous altar of Jiyva.
 22761 | Lair:5   | Found a staircase to the Slime Pits.
 23805 | Lair:6   | Entered Level 6 of the Lair of Beasts
 23906 | Lair:6   | Reached XP level 16. HP: 95/105 MP: 24/25
 24558 | Lair:6   | Identified the Incunabulum of Flight
 24969 | Lair:6   | Learned a level 6 spell: Deflect Missiles
 24973 | Lair:6   | Learned a level 3 spell: Mephitic Cloud
 24977 | Lair:6   | Learned a level 3 spell: Regeneration
 25693 | Lair:6   | Reached skill level 10 in Spellcasting
 27615 | D:9      | Bought a +5 ring of dexterity for 576 gold pieces
 27615 | D:9      | Bought a +5 ring of intelligence for 576 gold pieces
 27706 | Snake:1  | Entered Level 1 of the Snake Pit
 29007 | Snake:1  | Reached skill level 1 in Necromancy
 29321 | Elf:1    | Entered Level 1 of the Elven Halls
 29341 | Orc:2    | Reached skill level 1 in Charms
 29386 | Elf:1    | Reached XP level 17. HP: 105/111 MP: 17/29
 29612 | Elf:1    | Gained mutation: You are resistant to hostile enchantments. (MR+) [mutagenic meat]
 29636 | Elf:1    | Noticed an Ice Fiend
 29638 | Elf:1    | Reached skill level 5 in Polearms
 29735 | Elf:1    | Identified the Handbook of the Escort
 29746 | Elf:1    | Learned a level 4 spell: Summon Lightning Spire
 29999 | Elf:1    | Found Hosuc's Weapon Emporium.
 29999 | Elf:1    | Found Exeogew's General Store.
 30020 | Elf:1    | Found Iriedir's Armour Emporium.
 30218 | Elf:1    | Noticed a quicksilver dragon
 30433 | Elf:1    | Noticed a sphinx
 30433 | Elf:1    | a shadow dragon changed into a sphinx
 30436 | Elf:1    | a sphinx changed into a dire elephant
 30478 | Elf:1    | Reached skill level 1 in Summonings
 30671 | Elf:2    | Reached skill level 1 in Air Magic
 30680 | Elf:2    | Found a radiant altar of Vehumet.
 31241 | Elf:2    | Found a runed gate.
 31241 | Elf:2    | Found a runed gate.
 31246 | Elf:2    | Found a runed gate.
 31354 | Elf:3    | Entered Level 3 of the Elven Halls
 31748 | Elf:3    | Noticed a Hell Sentinel
 31750 | Elf:3    | Noticed an Executioner
 31835 | Elf:3    | Noticed a deep elf blademaster
 31843 | Elf:3    | Killed a deep elf blademaster
 32039 | Elf:3    | Noticed a deep elf master archer
 32141 | Elf:3    | Noticed a deep elf blademaster
 32160 | Elf:3    | Killed a deep elf blademaster
 32196 | Elf:3    | Killed a deep elf master archer
 32197 | Elf:3    | Reached XP level 18. HP: 84/120 MP: 2/30
 32439 | Elf:3    | Reached skill level 10 in Dodging
 32462 | Elf:3    | Noticed a Tzitzimitl
 32676 | Elf:3    | Noticed an Ice Fiend
 32838 | Elf:3    | Noticed a Brimstone Fiend
 32870 | Elf:3    | Got an ancient bardiche {venom}
 32879 | Elf:3    | Identified the +8 bardiche "Pauvur" {venom, rF+ Int+2} (You took it off a deep elf demonologist on level 3 of the Elven Halls)
 32981 | Elf:3    | Identified Sif Muna's Volume of the Icy Mountains
 32986 | Elf:3    | Identified the Grimoire of Hexes and Weightlessness
 33004 | Elf:3    | Learned a level 2 spell: Blink
 33008 | Elf:3    | Learned a level 3 spell: Ignite Poison
 33011 | Elf:3    | Learned a level 2 spell: Shroud of Golubria
 33232 | Elf:3    | Noticed Mara
 33238 | Elf:3    | Noticed M4edhros's illusion
 33453 | Elf:3    | Noticed M4edhros's illusion
 33593 | Elf:3    | Got a smoking mace {venom}
 33594 | Elf:3    | Identified the +6 mace "Trog's Righteous Anger" {venom, Str+3 Dex+4} (You took it off a deep elf elementalist on level 3 of the Elven Halls)
 33660 | Elf:3    | Reached skill level 10 in Fighting
 34421 | Swamp:1  | Entered Level 1 of the Swamp
 34446 | Swamp:1  | Reached skill level 5 in Charms
 34818 | Swamp:1  | Reached skill level 5 in Air Magic
 34927 | Swamp:1  | Noticed Roxanne
 35420 | Swamp:2  | Reached skill level 5 in Summonings
 35577 | Swamp:2  | Reached skill level 1 in Maces & Flails
 36658 | Swamp:4  | Entered Level 4 of the Swamp
 36745 | Swamp:4  | Reached XP level 19. HP: 127/127 MP: 20/32
 37064 | Swamp:4  | Got a decaying rune of Zot
 37879 | Snake:2  | Noticed Nikola
 37933 | Snake:1  | Gained mutation: You are dopey. (Int -2) [mutagenic meat]
 37934 | Snake:1  | Gained mutation: You tend to lose your temper in combat. [mutagenic meat]
 37935 | Snake:1  | Lost mutation: You are dopey. (Int -2) [mutagenic meat]
 37936 | Snake:1  | Lost mutation: You are agile. (Dex +2) [mutagenic meat]
 37951 | Snake:1  | Gained mutation: You are agile. (Dex +2) [mutagenic meat]
 37952 | Snake:1  | Lost mutation: You tend to lose your temper in combat. [mutagenic meat]
 37953 | Snake:1  | Gained mutation: You are highly resistant to hostile enchantments. (MR++) [mutagenic meat]
 37991 | Snake:1  | Killed Nikola
 38518 | Snake:2  | Found Oblouklegi's Jewellery Boutique.
 38519 | Snake:2  | Found Nokibe's Gadget Emporium.
 38520 | Snake:2  | Found Xaheulu's Jewellery Boutique.
 38529 | Snake:2  | Bought the ring of Prescription {*Drain AC+3 Int+4 Dex+6 Stlth+} for 646 gold pieces
 39184 | Snake:3  | Noticed Vashnia
 39501 | Snake:3  | Reached skill level 5 in Maces & Flails
 39535 | Snake:3  | Killed Vashnia
 39535 | Snake:3  | Reached skill level 10 in Polearms
 39638 | Snake:3  | Noticed Aizul
 39651 | Snake:3  | Killed Aizul
 39651 | Snake:3  | Reached skill level 1 in Translocations
 39670 | Snake:3  | Gained mutation: You are partially covered in molten scales. (AC +2) [mutagenic meat]
 39750 | Snake:4  | Entered Level 4 of the Snake Pit
 39776 | Snake:4  | Got a jewelled scythe
 39779 | Snake:4  | Identified the cursed +1 scythe of the Coward {slice, rF+} (You found it on level 4 of the Snake Pit)
 40466 | Snake:4  | Reached XP level 20. HP: 135/135 MP: 31/33
 40858 | Snake:4  | Got a serpentine rune of Zot
 41699 | Vaults:1 | Entered Level 1 of the Vaults
 42503 | Vaults:1 | Gained mutation: You are frail. (-10% HP) [mutagenic meat]
 42511 | Vaults:1 | Gained mutation: You are partially covered in yellow scales. (AC +2) [mutagenic meat]
 43140 | Vaults:2 | Reached skill level 10 in Evocations
 43142 | Vaults:2 | Reached XP level 21. HP: 126/126 MP: 19/34
 43737 | Vaults:2 | Noticed Margery
 43746 | Vaults:2 | Killed Margery
 43764 | Vaults:2 | Reached skill level 5 in Translocations
 43937 | Vaults:2 | Lost mutation: You are partially covered in yellow scales. (AC +2) [mutagenic meat]
 43947 | Vaults:2 | Lost mutation: You are frail. (-10% HP) [mutagenic meat]
 44016 | Vaults:2 | Gained mutation: You are mostly covered in molten scales. (AC +3) [mutagenic meat]
 44017 | Vaults:2 | Lost mutation: Your flesh is cold resistant. (rC+) [mutagenic meat]
 44018 | Vaults:2 | Lost mutation: Scrolls take you longer to read. [mutagenic meat]
 44019 | Vaults:2 | Gained mutation: Your spells are a little harder to cast, but a little more powerful. [mutagenic meat]
 44264 | Vaults:2 | Found a staircase to the Crypt.
 44273 | Crypt:1  | Entered Level 1 of the Crypt
 45535 | Crypt:2  | Reached skill level 10 in Shields
 45558 | Crypt:2  | Reached XP level 22. HP: 58/149 MP: 10/35
 45793 | Crypt:2  | Reached skill level 10 in Maces & Flails
 45799 | Crypt:3  | Entered Level 3 of the Crypt
 46050 | Crypt:3  | Found an ancient bone altar of Kikubaaqudgha.
 46734 | Crypt:3  | Noticed a profane servitor
 46745 | Crypt:3  | Killed a profane servitor
 46755 | Crypt:3  | Identified the Incunabulum of Unholy Magic
 46778 | Crypt:3  | Learned a level 4 spell: Control Undead
 46845 | Crypt:3  | Noticed Khufu
 46961 | Crypt:3  | Got a pitted silver amulet
 46964 | Crypt:3  | Identified the amulet "Sacke" {rF+ rC- Regen+ Str+4} (You took it off a guardian mummy on level 3 of the Crypt)
 46976 | Crypt:3  | Killed Khufu
 47146 | Crypt:3  | Got a glittering iron ring
 47180 | Crypt:3  | Found a staircase to the Tomb.
 47197 | Crypt:3  | Identified the ring of the Komtur {rN+ MR++ Str+4 Int-5} (You took it off a guardian mummy on level 3 of the Crypt)
 47359 | Crypt:3  | Got a slimy morningstar {speed}
 47362 | Crypt:3  | Identified the +5 morningstar of the Abyss {speed, rPois Stlth+} (You took it off Khufu on level 3 of the Crypt)
 47883 | Vaults:2 | Found Zookitti's Gadget Shoppe.
 48153 | Snake:2  | Bought a +5 ring of evasion for 825 gold pieces
 48826 | Vaults:3 | Reached XP level 23. HP: 138/154 MP: 36/36
 48925 | Vaults:3 | Gained mutation: Your natural rate of healing is unusually fast. [mutagenic meat]
 50026 | Vaults:4 | Lost mutation: You are agile. (Dex +2) [mutagenic meat]
 50027 | Vaults:4 | Gained mutation: You are clumsy. (Dex -2) [mutagenic meat]
 50028 | Vaults:4 | Lost mutation: You are highly resistant to hostile enchantments. (MR++) [mutagenic meat]
 50052 | Vaults:4 | Gained mutation: Your system is resistant to poisons. (rPois) [mutagenic meat]
 50260 | Vaults:4 | Lost mutation: Scrolls take you a little longer to read. [mutagenic meat]
 50261 | Vaults:4 | Lost mutation: Your spells are a little harder to cast, but a little more powerful. [mutagenic meat]
 50268 | Vaults:4 | Gained mutation: Your flesh is cold resistant. (rC+) [mutagenic meat]
 50269 | Vaults:4 | Gained mutation: Your mind is acute. (Int +2) [mutagenic meat]
 50270 | Vaults:4 | Gained mutation: You are occasionally teleported next to monsters. [mutagenic meat]
 50571 | Vaults:4 | Lost mutation: Your system is resistant to poisons. (rPois) [mutagenic meat]
 50877 | Vaults:5 | Entered Level 5 of the Vaults
 50938 | Vaults:5 | Found Utunaz's Antique Armour Shop.
 50982 | Vaults:5 | Lost mutation: Your flesh is heat resistant. (rF+) [mutagenic meat]
 50993 | Vaults:5 | Noticed a golden dragon
 51000 | Vaults:5 | Noticed a golden dragon
 51016 | Vaults:5 | Killed a golden dragon
 51228 | Vaults:5 | Reached skill level 15 in Evocations
 51310 | Vaults:5 | Reached XP level 24. HP: 139/163 MP: 15/36
 51371 | Vaults:5 | Gained mutation: You expend magic power (3 MP) to strengthen your wands. [mutagenic meat]
 51372 | Vaults:5 | Gained mutation: You have supernaturally acute eyesight. (SInv) [mutagenic meat]
 51686 | Vaults:5 | Noticed Boris
 51704 | Vaults:5 | Killed Boris
 51955 | Vaults:5 | Reached skill level 15 in Fighting
 52039 | Vaults:5 | Got a flickering platinum ring
 52040 | Vaults:5 | Identified the ring "Cigy" {rPois Str+4 Int+3 Stlth+} (You took it off a tengu reaver on level 5 of the Vaults)
 52124 | Vaults:5 | Noticed Saint Roka
 52146 | Vaults:5 | Killed Saint Roka
 52151 | Vaults:5 | Got a silver rune of Zot
 52263 | Vaults:5 | Reached skill level 15 in Shields
 52393 | Vaults:5 | Identified Kikubaaqudgha's Compendium of Sinister Rituals
 52890 | Vaults:2 | Lost mutation: You are occasionally teleported next to monsters. [mutagenic meat]
 52894 | Vaults:2 | Lost mutation: You are mostly covered in molten scales. (AC +3) [mutagenic meat]
 52896 | Vaults:2 | Lost mutation: You are resistant to hostile enchantments. (MR+) [mutagenic meat]
 52901 | Vaults:2 | Lost mutation: You are partially covered in iridescent scales. (AC +2) [mutagenic meat]
 52902 | Vaults:2 | Gained mutation: Your system is resistant to poisons. (rPois) [mutagenic meat]
 53295 | D:15     | Found a basalt altar of Yredelemnul.
 53566 | D:15     | Found a staircase to the Depths.
 53587 | Depths:1 | Entered Level 1 of the Depths
 53698 | Depths:1 | Found a gateway to a ziggurat.
 53748 | Depths:1 | Found Biawkycs's General Store.
 53779 | Depths:1 | Lost mutation: You expend magic power (3 MP) to strengthen your wands. [mutagenic meat]
 53780 | Depths:1 | Lost mutation: Your magical capacity is low. (-10% MP) [mutagenic meat]
 53781 | Depths:1 | Gained mutation: You are partially covered in large bone plates. (SH +4) [mutagenic meat]
 53782 | Depths:1 | Gained mutation: Your flesh is heat resistant. (rF+) [mutagenic meat]
 53788 | Depths:1 | Found Veaclu Qito's Food Boutique.
 53792 | Depths:1 | Found Woir's Book Shop.
 53796 | Depths:1 | Bought a fruit for 18 gold pieces
 53796 | Depths:1 | Bought a fruit for 18 gold pieces
 53817 | Depths:1 | Found a one-way gate to the infinite horrors of the Abyss.
 53865 | Depths:1 | Reached XP level 25. HP: 179/179 MP: 40/40
 53898 | Depths:1 | Noticed the Enchantress
 53931 | Depths:1 | Killed the Enchantress
 53964 | Depths:1 | Found a gateway to Hell.
 53993 | Depths:1 | Found Vuusuoty's Assorted Antiques.
 54309 | Depths:2 | Noticed Sojobo
 54352 | Depths:2 | Killed Sojobo
 54390 | Depths:2 | Found a large runed door.
 54392 | Depths:2 | Found a large runed door.
 54675 | Depths:2 | Found a large runed door.
 54688 | Depths:2 | Reached skill level 12 in Invocations
 54695 | Depths:2 | Found a large runed door.
 54978 | Depths:2 | Lost mutation: You have supernaturally acute eyesight. (SInv) [mutagenic meat]
 54992 | Depths:2 | Gained mutation: You evolve. [mutagenic meat]
 54993 | Depths:2 | Gained mutation: You heal very quickly. [mutagenic meat]
 55046 | Depths:2 | Found a large runed door.
 55050 | Depths:2 | Found a large runed door.
 55203 | Depths:2 | Found a large runed door.
 55207 | Depths:2 | Found a large runed door.
 55306 | Depths:2 | Got an ancient fustibalus
 55307 | Depths:2 | Identified the +7 fustibalus of Defiance {venom, rElec rC++ Str+7 Dex-3} (You found it on level 2 of the Depths)
 55404 | Depths:3 | Noticed Mennas
 55433 | Depths:3 | Killed Mennas
 55433 | Depths:3 | Reached skill level 1 in Slings
 55593 | Depths:3 | Reached skill level 13 in Invocations
 55790 | Depths:3 | Found a runed door.
 55827 | Depths:3 | Noticed an ancient lich
 55829 | Depths:3 | Noticed an ancient lich
 55838 | Depths:3 | Killed an ancient lich
 55847 | Depths:3 | Killed an ancient lich
 55896 | Depths:3 | Reached skill level 5 in Slings
 56013 | Depths:3 | Got a heavily runed pewter ring
 56015 | Depths:3 | Identified the ring of Conversion {rCorr rN++ Dex+4} (You found it on level 3 of the Depths)
 56102 | Depths:3 | Reached skill level 14 in Invocations
 56109 | Depths:3 | Reached XP level 26. HP: 187/187 MP: 40/40
 56143 | Depths:3 | Found a one-way gate leading to the halls of Pandemonium.
 56149 | Depths:3 | Noticed Bai Suzhen
 56172 | Depths:3 | Killed Bai Suzhen
 56410 | Depths:3 | Found a shattered altar of Ashenzari.
 56696 | Depths:3 | Lost mutation: You are partially covered in large bone plates. (SH +4) [evolution]
 56832 | Depths:4 | Gained mutation: Your flesh is very cold resistant. (rC++) [mutagenic meat]
 56856 | Depths:4 | Lost mutation: Your flesh is heat resistant. (rF+) [mutagenic meat]
 56857 | Depths:4 | Lost mutation: You evolve. [mutagenic meat]
 56858 | Depths:4 | Gained mutation: Your muscles are strong. (Str +2) [mutagenic meat]
 56859 | Depths:4 | Gained mutation: Your spells are a little easier to cast, but a little less powerful. [mutagenic meat]
 57308 | Depths:4 | Reached skill level 15 in Maces & Flails
 57596 | Depths:4 | Noticed a juggernaut
 57609 | Depths:4 | Killed a juggernaut
 57649 | Depths:4 | Reached skill level 15 in Invocations
 57738 | Depths:4 | Noticed a juggernaut
 57746 | Depths:4 | Killed a juggernaut
 57804 | Depths:4 | Identified the Handbook of Blistering Shape Shifting
 58013 | Depths:4 | Upgraded the game from 0.20-a0-850-ge5a7832 to 0.20-a0-853-gabbfcfc
 58048 | Depths:4 | Lost mutation: Your flesh is very cold resistant. (rC++) [mutagenic meat]
 58055 | Depths:4 | Lost mutation: Your flesh is cold resistant. (rC+) [mutagenic meat]
 58057 | Depths:4 | Gained mutation: One of your tentacles bears a spike. [mutagenic meat]
 58130 | Depths:5 | Entered Level 5 of the Depths
 58146 | Depths:5 | Paralysed by a floating eye for 2 turns
 58431 | Depths:5 | Reached XP level 27. HP: 192/192 MP: 40/40
 58469 | Depths:5 | Reached skill level 10 in Summonings
 58542 | Depths:5 | Reached skill level 16 in Invocations
 58545 | Depths:5 | Found a gate to the Realm of Zot.
 58768 | Depths:5 | Found a burning altar of Makhleb.
 59314 | Swamp:1  | Killed Roxanne
 59387 | Swamp:2  | Learned a level 5 spell: Summon Forest
 59392 | Swamp:2  | Learned a level 4 spell: Leda's Liquefaction
 59742 | Elf:3    | Learned a level 7 spell: Malign Gateway
 60129 | Zot:1    | Entered Level 1 of the Realm of Zot
 60425 | Zot:1    | Reached skill level 10 in Slings
 61352 | Zot:2    | Reached skill level 10 in Translocations
 61795 | Zot:2    | Noticed an orb of fire
 61805 | Zot:2    | Killed an orb of fire
 61814 | Zot:2    | Got a bone quick blade
 61815 | Zot:2    | Identified the cursed +2 quick blade "Orb Guardian's Foe" {freeze, rPois} (You found it on level 2 of the Realm of Zot)
 62072 | Zot:2    | Reached skill level 17 in Invocations
 62076 | Zot:2    | Noticed an ancient lich
 62083 | Zot:2    | Killed an ancient lich
 62260 | Zot:2    | Got a pitted short sword {speed}
 62261 | Zot:2    | Identified the +9 short sword of the Spheres {speed, rElec rF+ Int+2 Stlth+} (You took it off a draconian annihilator on level 2 of the Realm of Zot)
 63826 | Zot:4    | Reached skill level 18 in Invocations
 63831 | Zot:4    | Reached skill level 15 in Dodging
 64141 | Zot:5    | Entered Level 5 of the Realm of Zot
 64512 | Zot:5    | Noticed morbho's ghost (legendary MiFi)
 64533 | Zot:5    | Killed morbho's ghost
 64704 | Zot:5    | Noticed an orb of fire
 65242 | Snake:2  | Bought the ring "Kygg" {rF+ Int+4} for 565 gold pieces
 65429 | Slime:1  | Entered Level 1 of the Pits of Slime
 65443 | Slime:1  | Noticed Donald
 65445 | Slime:1  | Killed Donald
 66114 | Slime:3  | Gained mutation: Scrolls take you a little longer to read. [a shining eye]
 66149 | Slime:5  | Entered Level 5 of the Pits of Slime
 66175 | Slime:5  | Found a viscous altar of Jiyva.
 66177 | Slime:5  | Noticed the Royal Jelly
 66201 | Slime:5  | Killed the Royal Jelly
 66308 | Slime:5  | Got a slimy rune of Zot
 66842 | Hell     | Entered the Vestibule of Hell
 66842 | Hell     | Noticed Geryon
 66921 | Hell     | Killed Geryon
 67018 | Hell     | Found a gateway to the decaying netherworld of Tartarus.
 67041 | Hell     | Reached skill level 19 in Invocations
 67055 | Hell     | Reached skill level 15 in Spellcasting
 67063 | Tar:1    | Entered Level 1 of Tartarus
 67153 | Tar:1    | You fall through a shaft!
 67202 | Tar:2    | Reached skill level 5 in Necromancy
 67396 | Tar:7    | Entered Level 7 of Tartarus
 67588 | Tar:7    | Got a transparent amethyst amulet
 67593 | Tar:7    | Identified the amulet of Xigo {*Drain rF+ rN+++ Regen+ Str+2} (You found it on level 7 of Tartarus)
 67695 | Tar:7    | Reached skill level 15 in Summonings
 67885 | Tar:7    | Noticed the Serpent of Hell
 67904 | Tar:7    | Killed the Serpent of Hell
 67934 | Tar:7    | Noticed Ereshkigal
 67983 | Tar:7    | Killed Ereshkigal
 68050 | Tar:7    | Identified Pyrrypro's Guide on Enchantment
 68058 | Tar:7    | Got a bone rune of Zot
 68068 | Tar:7    | Got a crystal hunting sling
 68069 | Tar:7    | Identified the +8 hunting sling of Tomorrow {flame, rN++} (You found it on level 7 of Tartarus)
 68435 | Hell     | Found a gateway to the ashen valley of Gehenna.
 68484 | Geh:1    | Entered Level 1 of Gehenna
 68712 | Geh:7    | Entered Level 7 of Gehenna
 69419 | Geh:7    | Reached skill level 15 in Stealth
 69481 | Geh:7    | Reached skill level 10 in Necromancy
 69588 | Geh:7    | Noticed Asmodeus
 69639 | Geh:7    | Killed Asmodeus
 69723 | Geh:7    | Identified the Volume of Toxic Boosts
 69734 | Geh:7    | Identified the Disquisition on the Feathery Voyage
 69752 | Geh:7    | Learned a level 5 spell: Summon Mana Viper
 69768 | Geh:7    | Learned a level 1 spell: Apportation
 69771 | Geh:7    | Got an obsidian rune of Zot
 69989 | Hell     | Found a gateway to the Iron City of Dis.
 69998 | Dis:1    | Entered Level 1 of the Iron City of Dis
 71420 | Dis:7    | Entered Level 7 of the Iron City of Dis
 71602 | Dis:7    | Killed from afar by an iron giant

Vault maps used:
D:1:      dpeg_arrival_three_smaller_balls, hangedman_feature_mirror,
          minmay_misc_feat_nine_boxes, minmay_misc_feat_iff
D:2:      kennysheep_okawaru_gauntlet, lemuel_coloured_pillars_altar,
          lemuel_doored_altar, first_bread
D:3:      overflow_temple_1_default
D:4:      xom_butterflies, lemuel_round_altar, uniq_grinder
D:6:      lemuel_crystal_altar, minmay_temple_entry_mist,
          roderic_serpentine_path
D:7:      old_standard_altar, old_standard_altar, kennysheep_little_box,
          kiku_gazebo_garden_becter, yredelemnul_altar_generic, uniq_menkaure
D:8:      overflow_temple_1_default, lair_entry_dummy
D:9:      minmay_gate_of_8, serial_shops, shop, shop_statue,
          nicolae_shop_waterfront, david_nohive_1, minivault_1
D:10:     enter_bailey_7, serial_shops, shop_fountains, nicolae_shop_stone,
          dk_vineyard_1
D:11:     uniq_grum, uniq_urug, uniq_maurice
D:12:     erik_orc_2
D:13:     erik_vaults_2, corexii_hall_statues_t,
          nicolae_dithmenos_through_a_glass_darkly
D:14:     minmay_splitting_lines, serial_corexii_hall, corexii_hall_statues_i,
          corexii_hall_statues_u
D:15:     grunt_enter_depths_snipers, lemuel_round_altar
Temple:   jpeg_temple_island
Lair:1:   grunt_megastairs_4, lemuel_fruit_tree, uniq_nergalle
Lair:2:   guppyfry_snake_entry_garden, grunt_megastairs_1, uniq_gastronok
Lair:3:   minmay_swamp_entry_reptiles, serial_bayou_lagoon_b
Lair:5:   wad_woods_structure_01, slime_altar_2, uniq_snorg
Lair:6:   evilmike_catoblepas_cave, ice2_lemuel, serial_bayou_shore_b
Swamp:1:  evilmike_swamp_ruin_house_4, swamp_pool4, uniq_roxanne
Swamp:2:  nicolae_swamp_phyte_club, hangedman_swamp_pad, swamp_pool3
Swamp:3:  evilmike_swamp_ruin_rubble_1, swamp_pool1, nicolae_swamp_little_tower,
          infiniplex_staircase_pool
Swamp:4:  swamp_basic_johnstein, swamp_pool3, infiniplex_staircase_pool_2
Snake:1:  serial_bayou_shore_a
Snake:2:  statue_in_the_mist_lemuel, evilmike_ambush, minmay_shop_grove,
          uniq_nikola
Snake:3:  uniq_vashnia, uniq_aizul
Snake:4:  minmay_snake_end_coiled
Slime:1:  uniq_donald
Orc:2:    st_orc_elflike, portal_ice_cave_entry_imps, serial_shops, shop
Elf:1:    minmay_elf_arrival_plus, minmay_elf_demonology, minmay_shop_star
Elf:2:    basic_altar
Elf:3:    minmay_elf_hall_curves, uniq_mara
Vaults:1: hangedman_vaults_cutoff, ontoclasm_vaults_gateway,
          hangedman_vaults_corner_blocks, dpeg_vaults_monster_box, v_pattern_3,
          grunt_vaults_swirl, v_alt_pattern_1, ontoclasm_vaults_chip,
          v_alt_pattern_6, ontoclasm_vaults_idyll, vaults_room_pools, v_misc_24
Vaults:2: minmay_crypt_entry_simple_plaza, vaults_room_fancy_cross,
          nicolae_vaults_network_star, vaults_dpeg_doors, v_pattern_5,
          nicolae_vaults_little_squares_2, v_misc_19, vaults_room_pool,
          serial_shops, nicolae_shop_window_shopping, uniq_margery
Vaults:3: vaults_room_boxed, ontoclasm_vaults_claustrophobia, v_misc_16,
          vaults_room_hallway, v_rooms_1, hangedman_vaults_slice,
          vaults_room_hallway, vaults_room_hallway, v_misc_5, vaults_room_pool,
          ontoclasm_vaults_pinch, nicolae_vaults_theta, hangedman_vaults_slice,
          nicolae_vaults_little_squares_2, grunt_vaults_twisty,
          nicolae_vaults_ring_of_whatevers
Vaults:4: vaults_room_pool, vaults_mumra_minichess,
          nicolae_vaults_network_square, v_misc_28, hangedman_vaults_maws,
          ontoclasm_vaults_shout, v_misc_3, nicolae_vaults_specimen_jars,
          nicolae_vaults_little_squares_3, ontoclasm_vaults_decontamination,
          nicolae_vaults_ring_of_whatevers
Vaults:5: serial_shops, uniq_boris, uniq_saint_roka
Crypt:1:  grunt_crypt_arrival_webbed
Crypt:3:  grunt_crypt_end_deaths_head
Depths:1: enter_ziggurat_a, serial_shops, shop, shop, shop, kennysheep_mini,
          hell_entry, minmay_room_of_horrors, fountainhead, lemuel_old_faithful,
          uniq_enchantress
Depths:2: minmay_five_octagons, abyss_entry, lightli_too_deep, uniq_sojobo
Depths:3: evilmike_wizard_prison, nicolae_ashenzari_panopticon,
          pf_vacation_house_of_asmodeus, pan_entry, infiniplex_staircase_spiral,
          firewood_loft, uniq_bai_suzhen, uniq_mennas
Depths:4: minmay_tearing_corner, grunt_hell_entry_dis_old,
          abyss_entry_glasseish, serial_sigils, serial_sigils_hangedman_stare,
          serial_sigils_hangedman_leer, serial_sigils_hangedman_writhe,
          serial_sigils_hangedman_scratch, serial_sigils_hangedman_gnaw,
          serial_sigils_hangedman_gut
Depths:5: evilmike_zot_entry_basic, lemuel_statue_altar, hell_entry
Dis:4:    hangedman_dis_decor_blocks_talon
Dis:6:    grunt_megastairs_3
Dis:7:    dis_st
Geh:1:    hangedman_gehenna_grave_pits
Geh:7:    geh_mu
Tar:5:    nicolae_tar_cuneiform_two, nicolae_tar_cuneiform_bird
Tar:6:    nicolae_tar_cuneiform_three, nicolae_tar_cuneiform_city,
          nicolae_tar_cuneiform_water, evilmike_ambush
Tar:7:    tar_minmay_river
Zot:1:    grunt_ministairs_1
Zot:2:    hangedman_zot_vaults_quadrants, st_small_dragon_hoard_4
Bailey:   bailey_axe_4, bailey
IceCv:    ice_cave_caverns_03

Skill      XL: |  1  2  3  4  5  6  7  8  9 10 11 12 13 14 15 16 17 18 19 20 21 22 23 24 25 26 27 |
---------------+----------------------------------------------------------------------------------+-----
Stealth        | 3 4 5 8 10 12 13 16 | 16.6
Invocations    | 3 5 7 8 10 11 14 15 19 | 19.0
Fighting       | 2 4 5 6 7 8 9 10 11 12 13 16 17 18 | 18.3
Evocations     | 4 5 7 10 11 13 15 16 17 | 17.1
Dodging        | 3 4 5 6 7 8 9 10 11 12 13 16 | 16.7
Transmutations | 1 4 6 7 10 11 12 13 | 13.1
Earth Magic    | 1 4 5 7 8 9 11 | 11.7
Spellcasting   | 2 3 4 5 6 8 11 12 13 17 | 17.1
Shields        | 1 4 5 6 8 10 12 13 15 | 15.1
Polearms       | 1 4 7 8 10 | 10.9
Necromancy     | 1 4 11 | 11.3
Charms         | 1 4 5 6 |  6.7
Summonings     | 3 5 6 7 8 9 17 | 17.0
Air Magic      | 3 5 6 |  6.8
Maces & Flails | 3 6 8 9 11 12 13 14 15 16 | 16.2
Translocations | 2 4 6 7 8 12 | 12.5
Slings         | 5 9 12 | 12.1
Short Blades   | |  1.0

Action                   |  1- 3 |  4- 6 |  7- 9 | 10-12 | 13-15 | 16-18 | 19-21 | 22-24 | 25-27 || total
-------------------------+-------+-------+-------+-------+-------+-------+-------+-------+-------++-------
Melee: Short sword       |    39 |     6 |       |    34 |     1 |       |       |       |       ||    80
       Constrict         |     9 |    15 |    58 |   103 |   163 |   138 |   193 |   199 |   484 ||  1362
       Tentacles         |     5 |    19 |    59 |   140 |   297 |   496 |   671 |   726 |  1615 ||  4028
       Dagger            |       |    57 |   324 |   101 |       |       |       |       |       ||   482
       Spear             |       |     3 |       |       |       |       |       |       |       ||     3
       Long sword        |       |       |       |   320 |   651 |   643 |       |       |       ||  1614
       War axe           |       |       |       |       |   104 |    11 |       |       |       ||   115
       Mace              |       |       |       |       |       |   260 |       |       |       ||   260
       Eveningstar       |       |       |       |       |       |   111 |  1525 |   382 |   587 ||  2605
       Bardiche          |       |       |       |       |       |    38 |       |       |       ||    38
       Scythe            |       |       |       |       |       |    19 |       |       |       ||    19
       Unarmed           |       |       |       |       |       |     1 |       |       |       ||     1
       Morningstar       |       |       |       |       |       |       |       |  1156 |  3096 ||  4252
       Kick              |       |       |       |       |       |       |       |       |  1859 ||  1859
 Fire: Hunting sling     |       |       |       |       |       |     6 |   112 |       |       ||   118
Throw: Stone             |       |       |       |       |     2 |       |       |       |       ||     2
 Cast: Statue Form       |       |       |       |       |       |    59 |    81 |    63 |   127 ||   330
       Regeneration      |       |       |       |       |       |    35 |    45 |    37 |    46 ||   163
       Mephitic Cloud    |       |       |       |       |       |    25 |    31 |    26 |    17 ||    99
       Deflect Missiles  |       |       |       |       |       |     1 |     3 |     1 |     2 ||     7
       Ignite Poison     |       |       |       |       |       |       |    12 |     3 |       ||    15
       Shroud of Golubri |       |       |       |       |       |       |     3 |     2 |     9 ||    14
       Blink             |       |       |       |       |       |       |     1 |       |     4 ||     5
       Summon Forest     |       |       |       |       |       |       |       |       |    26 ||    26
       Malign Gateway    |       |       |       |       |       |       |       |       |    19 ||    19
       Control Undead    |       |       |       |       |       |       |       |       |    12 ||    12
       Summon Lightning  |       |       |       |       |       |       |       |       |     6 ||     6
       Apportation       |       |       |       |       |       |       |       |       |     1 ||     1
       Leda's Liquefacti |       |       |       |       |       |       |       |       |     1 ||     1
Invok: Fungal Bloom      |       |       |    31 |    62 |    78 |    84 |    84 |    45 |    45 ||   429
       Evolution         |       |       |     3 |     5 |    24 |    19 |     5 |     1 |     3 ||    60
       Sunlight          |       |       |     1 |     7 |     2 |       |       |       |    12 ||    22
       Reproduction      |       |       |       |       |     3 |    10 |     1 |       |     2 ||    16
       Rain              |       |       |       |       |       |     6 |    10 |     2 |     1 ||    19
       Growth            |       |       |       |       |       |       |       |       |     3 ||     3
Evoke: Wand              |     6 |     6 |    28 |    40 |    48 |    31 |    18 |     2 |     3 ||   182
       Lightning rod     |       |       |       |       |       |    11 |       |       |     1 ||    12
       Sack of spiders   |       |       |       |       |       |     2 |       |       |       ||     2
       Box of beasts     |       |       |       |       |       |       |       |       |     1 ||     1
  Use: Scroll            |       |     3 |     6 |    15 |    12 |    16 |    11 |    13 |    25 ||   101
       Potion            |       |       |     7 |     2 |     9 |     1 |     6 |       |     3 ||    28
 Stab: Sleeping          |     6 |     8 |    40 |    36 |    41 |    34 |    16 |    36 |    52 ||   269
       Paralysed         |       |     1 |       |       |     1 |       |     5 |       |     3 ||    10
       Distracted        |       |       |     3 |     3 |     8 |     4 |     5 |    16 |    37 ||    76
       Confused          |       |       |     3 |    11 |    14 |    12 |    13 |     6 |    18 ||    77
  Eat: Chunk             |       |     1 |     7 |    10 |    32 |    20 |    55 |    56 |    72 ||   253
       Bread ration      |       |       |     2 |     3 |     1 |    10 |     6 |     2 |     9 ||    33
       Royal jelly       |       |       |     1 |     4 |     7 |     6 |     4 |     5 |     8 ||    35
       Meat ration       |       |       |       |       |       |       |     3 |     2 |     1 ||     6
Armor: Skin              |     2 |     5 |    77 |    33 |    56 |   632 |   849 |   445 |   806 ||  2905
Dodge: Dodged            |    18 |    34 |   208 |   270 |   818 |  2402 |  3270 |  1768 |  3741 || 12529
       Deflected         |       |       |       |       |       |     2 |     9 |    11 |     8 ||    30
Block: Buckler           |       |       |     4 |    24 |   215 |   748 |   206 |       |       ||  1197
       Shield            |       |       |       |   215 |   205 |       |  2101 |  1664 |  3863 ||  8048
       Reflection        |       |       |       |       |       |       |       |       |    10 ||    10
       Rpst.: Long sword |       |       |       |    54 |   192 |   214 |       |       |       ||   460
